 Dungeon Crawl Stone Soup version 0.29.0-4-gdea44cf6ec (webtiles) character file.

Game seed: 13665467258898121465

172 qw the Chopper (level 5, 0/30 HPs)
             Began as a Tengu Warper on Aug 28, 2022.
             Was an Initiate of Okawaru.
             Succumbed to a kobold brigand's curare-tipped dart
             ... on level 3 of the Dungeon.
             The game lasted 00:00:22 (3093 turns).

qw the Chopper (Tengu Warper)                       Turns: 3093, Time: 00:00:23

Health: 0/30       AC: 11    Str: 13    XL:     5   Next: 53%
Magic:  9/9        EV:  4    Int: 14    God:    Okawaru [......]
Gold:   125        SH:  0    Dex: 13    Spells: 8/8 levels left

rFire   + . .      SeeInvis .   Y - +0 hand axe
rCold   . . .      Faith    .   (no shield)
rNeg    . . .      Spirit   .   n - +0 plate armour
rPois   .          Reflect  .   (helmet restricted)
rElec   .          Harm     .   (no cloak)
rCorr   .          Rampage  .   e - +0 pair of gloves
Will    .....                   (boots unavailable)
Stlth   ..........              (no amulet)
HPRegen 0.10/turn               j - ring of protection from fire
MPRegen 0.11/turn               (no ring)

@: lethally poisoned (0 -> -33), flying quickly and evasively, slowed, very slow
A: beak, talons 3, nimble flight
a: Renounce Religion


You were on level 3 of the Dungeon.
You worshipped Okawaru.
Okawaru was noncommittal.
You visited 1 branch of the dungeon, and saw 3 of its levels.

You collected 125 gold pieces.


Innate Abilities, Weirdness & Mutations

You have a beak for a mouth.
You have claws for feet.
Your magical nature lets you fly swiftly and evasively.


   Skills:
 - Level 2.0 Fighting
 + Level 5.8 Axes
 - Level 1.0 Throwing
 - Level 2.0 Armour
 - Level 2.1 Dodging
 - Level 2.0 Spellcasting
 - Level 2.4 Translocations


You had 8 spell levels left.
You didn't know any spells.
Your spell library contained the following spells:

 Spells                   Type           Power      Damage    Failure   Level
 Blink                    Tloc           16%        N/A       100%        2
 Gell's Gravitas          Tloc           8%         N/A       100%        3
 Lesser Beckoning         Tloc           8%         N/A       100%        3
 Teleport Other           Tloc           8%         N/A       100%        3
 Manifold Assault         Tloc           8%         N/A       100%        5

Inventory:

Hand Weapons
 m - a +0 flail
 Y - a +0 hand axe (weapon)
Armour
 e - a +0 pair of gloves (worn)
 n - a +0 plate armour (worn)
Jewellery
 j - a ring of protection from fire (left hand)
Scrolls
 g - a scroll of identify
 l - a scroll of teleportation
Potions
 d - 3 potions of haste
 f - a potion of might {unknown}
 k - a potion of lignification {unknown}
 o - a potion of resistance {unknown}

Dungeon Overview and Level Annotations

Branches:
Dungeon (3/15)

Altars:
Okawaru

Shops:
D:1 :


Message History

The kobold brigand is moderately wounded.
The kobold brigand throws a curare-tipped dart.
The curare-tipped dart barely misses you.
The kobold brigand throws a curare-tipped dart.
The curare-tipped dart hits you.
You are poisoned.
You have difficulty breathing.
You feel as though you will be slow longer.
Throw: javelin
Press: ? - help, Q - select action Shift-Dir - straight line, f/p - kobold brigand You throw a javelin.
The javelin closely misses the kobold brigand.
You feel very sick.
The kobold brigand throws a curare-tipped dart.
The curare-tipped dart hits you.
You are lethally poisoned!
You have difficulty breathing.
You feel as though you will be slow longer.
3090 ||| DRINKING potion of curing.
You feel better.
3090 ||| (to cure poison)
The kobold brigand throws a curare-tipped dart.
The curare-tipped dart hits you.
You are poisoned.
You have difficulty breathing.
You feel as though you will be slow longer.
3091 ||| DRINKING potion of heal wounds.
You feel much better.
You feel very sick.
The kobold brigand throws a curare-tipped dart.
The curare-tipped dart hits you.
You are more poisoned.
You have difficulty breathing.
You feel as though you will be slow longer.
You feel very sick.
The kobold brigand throws a curare-tipped dart.
The curare-tipped dart hits you.
You are more poisoned.
You have difficulty breathing.
You feel as though you will be slow longer.
You die... ##### #.......# #.# #.# ....# #.......# #.# #.# ###.# #####.### #.# #.# ..#.# #####[#####.###.# .<..# #####~~~............# ##### #~~~~~~~~~#####.##### #KK.# #~~~~~~~~# #.# KKK

. ###~~~#######)# ###
....#####@....#.#
##~######.((.K.()....#.#
~~~~~~~~###.....####.).#
~~~~~~### ########...)##
~~~~~## #..#### ..####
###..# .....# ....#
..##.########.###
###....##.....#


You could see a kobold brigand.

Vanquished Creatures
  Robin (D:3)
  5 adders (D:2)
  2 dart slugs
  5 orcs (D:3)
  8 endoplasms
  3 giant cockroaches
  17 goblins
  13 hobgoblins
  9 jackals
  3 quokkas
  7 ball pythons
  7 bats
  4 frilled lizards (D:2)
  7 kobolds
  4 rats
95 creatures vanquished.

Notes
Turn   | Place    | Note
-------+----------+-------------------------------------------
     0 | D:1      | qw the Tengu Warper began the quest for the Orb.
     0 | D:1      | Reached XP level 1. HP: 12/12 MP: 4/4
     0 | D:1      | 0 ||| qw: Version: 0.1-a-89-g26bdef1
     0 | D:1      | 0 ||| qw: Game counter: 2712
     0 | D:1      | 0 ||| qw: Always use a shield: true
     0 | D:1      | 0 ||| qw: God list: Okawaru
     0 | D:1      | 0 ||| qw: Allow faded altars: false
     0 | D:1      | 0 ||| qw: Do Orc after D:15 true
     0 | D:1      | 0 ||| qw: Do second Lair branch before Depths: true
     0 | D:1      | 0 ||| qw: Lair rune preference: random
     0 | D:1      | 0 ||| qw: Plans: Normal
     0 | D:1      | 0 ||| PLANNING D:1-11
   131 | D:1      | 131 ||| Stepping ~*~*~tactically~*~*~ (stealth).
   208 | D:1      | Reached skill level 3 in Axes
   208 | D:1      | Reached XP level 2. HP: 17/17 MP: 6/6
   362 | D:1      | 362 ||| Stepping ~*~*~tactically~*~*~ (stealth).
   368 | D:1      | 368 ||| Stepping ~*~*~tactically~*~*~ (stealth).
   421 | D:1      | Found Kaide's Vocational Training.
   856 | D:1      | 856 ||| UPGRADING to +0 pair of gloves.
   861 | D:1      | 861 ||| UPGRADING to +0 chain mail.
   871 | D:1      | 871 ||| DROPPING +0 leather armour.
   872 | D:1      | 872 ||| READING scroll labelled TEDGHA XUEMAFAG.
   876 | D:1      | 876 ||| READING 2 scrolls labelled VASIAN ELUINIELACA.
   877 | D:1      | 877 ||| DROPPING scroll of blinking.
   925 | D:2      | Reached XP level 3. HP: 21/21 MP: 7/7
   927 | D:2      | 927 ||| Stepping randomly (stuck).
   929 | D:2      | 929 ||| Stepping randomly (stuck).
   930 | D:2      | 930 ||| Stepping randomly (stuck).
   931 | D:2      | 931 ||| Stepping randomly (stuck).
   932 | D:2      | 932 ||| Stepping randomly (stuck).
   933 | D:2      | 933 ||| Stepping randomly (stuck).
   934 | D:2      | 934 ||| Stepping randomly (stuck).
   935 | D:2      | 935 ||| Stepping randomly (stuck).
   936 | D:2      | 936 ||| Stepping randomly (stuck).
   937 | D:2      | 937 ||| Stepping randomly (stuck).
   957 | D:2      | Reached skill level 4 in Axes
  1186 | D:2      | Reached XP level 4. HP: 26/26 MP: 8/8
  1195 | D:2      | 1195 ||| Stepping ~*~*~tactically~*~*~ (stealth).
  1530 | D:2      | 1530 ||| Stepping ~*~*~tactically~*~*~ (stealth).
  1539 | D:2      | 1539 ||| Stepping ~*~*~tactically~*~*~ (stealth).
  1572 | D:2      | 1572 ||| FLEEEEING.
  1635 | D:2      | 1635 ||| Stepping ~*~*~tactically~*~*~ (stealth).
  1776 | D:2      | 1776 ||| Stepping ~*~*~tactically~*~*~ (stealth).
  1778 | D:2      | 1778 ||| Stepping ~*~*~tactically~*~*~ (stealth).
  1794 | D:2      | Reached skill level 5 in Axes
  1813 | D:2      | 1813 ||| Stepping ~*~*~tactically~*~*~ (stealth).
  1837 | D:2      | 1837 ||| Stepping ~*~*~tactically~*~*~ (stealth).
  1847 | D:2      | 1847 ||| Stepping ~*~*~tactically~*~*~ (stealth).
  1848 | D:2      | 1848 ||| DROPPING +0 club.
  1866 | D:2      | 1866 ||| Stepping ~*~*~tactically~*~*~ (stealth).
  1886 | D:2      | 1886 ||| Stepping ~*~*~tactically~*~*~ (stealth).
  1937 | D:2      | 1937 ||| Stepping ~*~*~tactically~*~*~ (stealth).
  2032 | D:2      | Gained mutation: Your magical nature lets you fly swiftly
                  | and evasively. [Tengu growth]
  2032 | D:2      | Reached XP level 5. HP: 30/30 MP: 9/9
  2043 | D:2      | 2043 ||| UPGRADING to ring of protection from fire.
  2044 | D:2      | 2044 ||| READING scroll labelled SIKULEI ECOEHI.
  2045 | D:2      | 2045 ||| READING scroll labelled ODANWE KUSS.
  2176 | D:2      | 2176 ||| DRINKING 2 fuming emerald potions.
  2508 | D:3      | Found an iron altar of Okawaru.
  2513 | D:3      | 2513 ||| Stepping ~*~*~tactically~*~*~ (stealth).
  2518 | D:3      | 2518 ||| Stepping ~*~*~tactically~*~*~ (stealth).
  2647 | D:3      | Became a worshipper of Warmaster Okawaru
  2715 | D:3      | Noticed a kobold brigand
  2717 | D:3      | Noticed a kobold brigand
  2883 | D:3      | Noticed Robin
  2884 | D:3      | 2884 ||| Stepping ~*~*~tactically~*~*~ (hiding).
  2902 | D:3      | Killed Robin
  2961 | D:3      | 2961 ||| UPGRADING to +0 plate armour.
  2964 | D:3      | 2964 ||| UPGRADING to +0 plate armour.
  2974 | D:3      | 2974 ||| DROPPING +0 chain mail.
  2981 | D:3      | 2981 ||| DRINKING 4 glowing cyan potions.
  2982 | D:3      | 2982 ||| READING 4 scrolls of identify.
  2982 | D:3      | 2982 ||| IDENTIFYING amethyst potion
  2983 | D:3      | 2983 ||| READING 3 scrolls of identify.
  2983 | D:3      | 2983 ||| IDENTIFYING inky potion
  2984 | D:3      | 2984 ||| READING 2 scrolls of identify.
  2984 | D:3      | 2984 ||| IDENTIFYING sapphire potion
  2985 | D:3      | 2985 ||| DROPPING potion of attraction.
  2986 | D:3      | 2986 ||| DROPPING potion of flight.
  2987 | D:3      | 2987 ||| READING 2 scrolls of teleportation.
  3085 | D:3      | 3085 ||| FLEEEEING.
  3086 | D:3      | 3086 ||| FLEEEEING.
  3087 | D:3      | 3087 ||| DRINKING 2 potions of curing.
  3087 | D:3      | 3087 ||| (to cure poison)
  3090 | D:3      | 3090 ||| DRINKING potion of curing.
  3090 | D:3      | 3090 ||| (to cure poison)
  3090 | D:3      | HP: 6/30 [asphyx]
  3091 | D:3      | 3091 ||| DRINKING potion of heal wounds.
  3093 | D:3      | Succumbed to a kobold brigand's curare-tipped dart

Levels and vault maps discovered:
D:1:      reono_arrival_forest_river, layout_basic, serial_bayou_pond_a,
          nicolae_shop_vocational
D:2:      minmay_recursive_quarters, layout_loops_ring, minmay_quadrilaterals
D:3:      cheibrodos_thug_alley, layout_basic,
          mainiacjoe_overflow_cross_hatched, uniq_robin

Skill      XL: |  1  2  3  4 |
---------------+-------------+-----
Axes           | 3 4 5 |  5.8
Armour         | 2 |  2.0
Fighting       | |  2.0
Throwing       | |  1.0
Dodging        | |  2.1
Spellcasting   | |  2.0
Translocations | |  2.4

Action                   |  1- 3 |  4- 6 || total
-------------------------+-------+-------++-------
Melee: Hand axe          |    64 |   133 ||   197
       Peck              |    10 |    22 ||    32
       Kick              |    12 |    19 ||    31
Throw: Boomerang         |     7 |       ||     7
       Javelin           |       |    20 ||    20
  Use: Scroll            |     2 |     6 ||     8
       Potion            |       |     5 ||     5
Armor: Leather armour    |     8 |       ||     8
       Chain mail        |     8 |    61 ||    69
       Plate armour      |       |     5 ||     5
Dodge: Dodged            |    27 |    41 ||    68

Table legend:
 A = Non-vault XP
 B = Vault XP
 C = Vault XP percentage of total XP
 D = Non-vault monster count
 E = Vault monster count
 F = Vault count percentage of total count
                 A         B        C        D         E       F
            +---------+---------+-------+---------+---------+-------
      Total |     134 |     113 |  45.7 |      59 |      36 |  37.9
            +---------+---------+-------+---------+---------+-------
        D:1 |      31 |       0 |   0.0 |      19 |       0 |   0.0
        D:2 |      68 |      67 |  49.6 |      25 |      18 |  41.9
        D:3 |      35 |      46 |  56.8 |      15 |      18 |  54.5
            +---------+---------+-------+---------+---------+-------
